 Dungeon Crawl Stone Soup version 0.23-a0-705-g0e654d2 (webtiles) character file.

85 HungryMoth the Poker (level 4, -3/33 HPs)
             Began as a Merfolk Skald on Jan 15, 2019.
             Killed from afar by an orc wizard (11 damage)
             ... with a puff of flame
             ... on level 3 of the Dungeon.
             The game lasted 00:06:43 (1311 turns).

HungryMoth the Poker (Merfolk Skald)                Turns: 1311, Time: 00:06:47

Health: -3/33      AC:  8    Str: 11    XL:     4   Next: 48%
Magic:  5/7        EV: 12    Int: 12    God:
Gold:   67         SH:  0    Dex: 14    Spells: 2/7 levels left

rFire    . . .     SeeInvis .   a - +0 spear
rCold    . . .     Gourm    .   (no shield)
rNeg     . . .     Faith    .   b - +0 leather armour
rPois    .         Spirit   .   (no helmet)
rElec    .         Reflect  .   (no cloak)
rCorr    .         Harm     .   (no gloves)
MR       .....                  (no boots)
Stlth    +.........             (no amulet)
HPRegen  0.11/turn              n - +5 ring of protection
MPRegen  0.10/turn              (no ring)

@: confused, singing (expiring)
A: change form in water, swift swim, stealthy swim
a: no special abilities


You were on level 3 of the Dungeon.
You were very hungry.

You visited 1 branch of the dungeon, and saw 3 of its levels.

You collected 67 gold pieces.

Inventory:

Hand Weapons
 a - a +0 spear (weapon)
Armour
 b - a +0 leather armour (worn)
Jewellery
 n - a +5 ring of protection (left hand)
 q - a +3 ring of evasion {unknown}
Scrolls
 e - a scroll of random uselessness {unknown}
 i - a scroll of enchant armour {unknown}
 k - a scroll of teleportation {unknown}
 l - a scroll of remove curse {unknown}
 o - a scroll of identify {unknown}
 r - a scroll of enchant weapon {unknown}
Potions
 f - a potion of might {unknown}
 g - a potion of ambrosia
 h - a potion of mutation {unknown}
 j - a potion of cancellation {unknown}
 m - a potion of berserk rage {unknown}
 p - a potion of invisibility {unknown}
Comestibles
 d - 3 rations


   Skills:
 - Level 2.1 Fighting
 + Level 4.9 Polearms
 - Level 0.6 Armour
 - Level 2.6 Dodging
 - Level 2.0 Spellcasting
 + Level 4.7 Charms


You had 2 spell levels left.
You knew the following spells:

 Your Spells              Type           Power        Failure   Level  Hunger
a - Infusion              Chrm           ##..         4%          1    ##.....
b - Shroud of Golubria    Chrm/Tloc      #.........   21%         2    ###....
c - Song of Slaying       Chrm           ##......     8%          2    ###....

Your spell library contained the following spells:

 Spells                   Type           Power        Failure   Level  Hunger
 Regeneration             Chrm/Necr      #.........   38%         3    ####...
 Spectral Weapon          Hex/Chrm       #.......     38%         3    ####...


Dungeon Overview and Level Annotations

Branches:
Dungeon (3/15)

Altars:


Message History

The orc wizard is almost dead.
The orc wizard misses you.
You barely miss the orc wizard.
The orc wizard is almost dead.
The orc wizard barely misses you.
You hit the orc wizard.
You kill the orc wizard!
You puncture something!
Your song is almost over.
Something hits you.
* * * LOW HITPOINT WARNING * * *
You closely miss something. Something barely misses you.
You hit something. Something hits you but does no damage.
It was a potion of ambrosia.
You are confused.
You feel invigorated.
You hear some strange, mumbled words.
A puff of flame appears from out of thin air!
The puff of flame hits you!
You die...

### #%# #..
#.##.o #.##o#
#### #.##o#
.....
#)##.##.#...
#@##........
#)##........
###o..........
#.............
#.#....##.#...
#.#...<...#
...............
#..#..#........
#..#######.#...


You could see an orc.

Vanquished Creatures
  An orc wizard (D:3)
  2 adders (D:2)
  A dart slug (D:1)
  A leopard gecko (D:1)
  2 orcs (D:3)
  2 ball pythons (D:1)
  2 giant cockroaches (D:1)
  5 hobgoblins
  3 kobolds
  5 bats
  A frilled lizard (D:1)
  3 goblins
  9 rats
37 creatures vanquished.

Notes
Turn   | Place    | Note
-------+----------+-------------------------------------------
     0 | D:1      | HungryMoth the Merfolk Skald began the quest for the Orb.
     0 | D:1      | Reached XP level 1. HP: 16/16 MP: 3/3
    79 | D:1      | Reached XP level 2. HP: 19/22 MP: 0/5
    91 | D:1      | Learned a level 2 spell: Shroud of Golubria
    94 | D:1      | Learned a level 2 spell: Song of Slaying
   327 | D:1      | Reached XP level 3. HP: 27/27 MP: 6/6
  1105 | D:2      | Noticed a phantom
  1297 | D:3      | Reached XP level 4. HP: 10/33 MP: 0/7
  1311 | D:3      | Killed from afar by an orc wizard

Vault maps used:
D:1:      psy_arrival_whirlpool
D:3:      lemuel_crystal_altar, ebering_ghost_reflecting_pool, first_ration,
          kennysheep_generic_room_8, uniq_sigmund

Skill      XL: |  1  2  3 |
---------------+----------+-----
Charms         | 4 |  4.7
Polearms       | 4 |  4.9
Fighting       | |  2.1
Armour         | |  0.6
Dodging        | |  2.6
Spellcasting   | |  2.0

Action                   |  1- 3 |  4- 6 || total
-------------------------+-------+-------++-------
Melee: Spear             |   183 |    13 ||   196
 Cast: Infusion          |     9 |       ||     9
       Shroud of Golubri |     3 |       ||     3
       Song of Slaying   |     2 |       ||     2
  Use: Potion            |       |     1 ||     1
 Stab: Sleeping          |     2 |       ||     2
  Eat: Chunk             |     1 |       ||     1
Armor: Leather armour    |    51 |     2 ||    53
Dodge: Dodged            |    76 |     6 ||    82

Table legend:
 A = Non-vault XP
 B = Vault XP
 C = Vault XP percentage of total XP
 D = Non-vault monster count
 E = Vault monster count
 F = Vault count percentage of total count
                 A         B        C        D         E       F
            +---------+---------+-------+---------+---------+-------
      Total |     122 |       0 |   0.0 |      37 |       0 |   0.0
            +---------+---------+-------+---------+---------+-------
        D:1 |      37 |       0 |   0.0 |      23 |       0 |   0.0
        D:2 |      38 |       0 |   0.0 |      10 |       0 |   0.0
        D:3 |      47 |       0 |   0.0 |       4 |       0 |   0.0
            +---------+---------+-------+---------+---------+-------
